 Seeded DCSS version 0.29.1-15-g9cfb28693d (webtiles) character file.

Game seed: 7471983593030527255 (custom seed)

515 Twinkles the Trooper (level 7, -1/53 HPs)
             Began as a Djinni Fire Elementalist on May 31, 2023.
             Was a High Priest of Ignis.
             Slain by a gnoll
             ... wielding a +0 club
             ... led by a gnoll bouda
              (3 damage)
             ... on level 4 of the Dungeon.
             The game lasted 00:13:09 (5096 turns).

Twinkles the Trooper (Djinni Fire Elementalist)     Turns: 5096, Time: 00:13:09

Health: -1/53      AC:  8    Str:  7    XL:     7   Next: 44%
Gold:   335        EV: 12    Int: 19    God:    Ignis [*****.] SH:  0 Dex: 13

rFire   + + +      SeeInvis .   c - +0 dagger
rCold   x . .      Faith    .   (no shield)
rNeg    + . .      Spirit   .   e - +0 leather armour
rPois   ∞          Reflect  .   (no helmet)
rElec   .          Harm     .   m - +2 cloak
rCorr   .          Rampage  .   l - +1 pair of gloves
Will    .....                   (boots unavailable)
Stlth   ++........              (no amulet)
HPRegen 0.17/turn               f - ring of positive energy
MPRegen 0.00/turn               (no ring)

@: flying
A: sickness immunity, fire resistance 2, cold vulnerability 1, float, innate
caster, HP casting, extra vitality 1
a: Renounce Religion, Fiery Armour, Foxfire Swarm, Rising Flame


You were on level 4 of the Dungeon.
You worshipped Ignis.
Ignis was extremely pleased with you.
You visited 1 branch of the dungeon, and saw 5 of its levels.

You collected 335 gold pieces.

Inventory:

Hand Weapons
 c - a +0 dagger (weapon)
Armour
 a - a +0 robe
 e - a +0 leather armour (worn)
 l - a +1 pair of gloves (worn)
 m - a +2 cloak (worn)
Jewellery
 f - a ring of positive energy (left hand)
 h - a ring of fire
 t - a +4 ring of evasion
Scrolls
 b - 4 scrolls of vulnerability {unknown}
 d - 3 scrolls of fear {unknown}
 g - 3 scrolls of identify {unknown}
 i - a scroll of torment {unknown}
 k - 2 scrolls of brand weapon {unknown}
 n - 2 scrolls of magic mapping {unknown}
 p - a scroll of fog {unknown}
 q - a scroll of enchant armour {unknown}
 r - 2 scrolls of enchant weapon {unknown}
 v - a scroll of teleportation {unknown}
 y - a scroll of silence {unknown}
Potions
 j - 2 potions of degeneration {unknown}
 o - a potion of lignification {unknown}
 s - a potion of mutation {unknown}
 u - a potion of brilliance {unknown}
 w - a potion of heal wounds {unknown}
 x - a potion of might {unknown}
 z - a potion of attraction {unknown}


   Skills:
 + Level 4.6 Fighting
 - Level 2.7 Dodging
 - Level 2.0 Stealth
 + Level 4.5 Spellcasting


You couldn't memorise any spells.
You knew the following spells:

 Your Spells              Type           Power      Damage    Failure   Level
a - Foxfire               Conj/Fire      84%        2x1d8     3%          1
b - Scorch                Fire           42%        2d7       4%          2
c - Conjure Flame         Conj/Fire      21%        6-21      9%          3
d - Inner Flame           Hex/Fire       21%        N/A       9%          3
e - Flame Wave            Conj/Fire      21%        2d8       30%         4
f - Sting                 Tmut/Pois      84%        1d7       3%          1
g - Call Imp              Summ           21%        N/A       4%          2
h - Dazzling Flash        Conj/Hex       42%        N/A       9%          3
Your spell library was empty.

Dungeon Overview and Level Annotations

Branches:
Dungeon (5/15)
 Temple: D:4-7

Altars:
Wu Jian
Ignis

Shops:
D:2 ?:(=:   D:3 (


Innate Abilities, Weirdness & Mutations

You are immune to sickness and miasma.
You are immune to poison.
Your flesh is very heat resistant. (rF++)
You are vulnerable to cold. (rC-)
You float through the air rather than walking.
You learn spells naturally, not from books.
Your magical power is your life essence.
You have superior vitality. (+4 MHP)


Message History

The gnoll bouda barks out a call to the hunt!
The gnolls pick up the pace!
The orc shouts!
You fly upwards.
There is a stone staircase leading down here.
You see here a +0 short sword.
The gnoll is no longer blind.
The gnoll is no longer moving quickly.
Casting: Dazzling Flash (dangerous; 9% risk of failure)
Confirm with . or Enter, or press ? or * to list all spells.
Okay, then.
Unknown command.
Casting: Dazzling Flash (dangerous; 9% risk of failure)
Confirm with . or Enter, or press ? or * to list all spells.
Flames lash the gnoll.
The gnoll is severely wounded.
The gnoll's fire resistance burns away.
* * * LOW HITPOINT WARNING * * *
The gnoll closely misses you.
Casting: Scorch (safe; 4% risk of failure)
Confirm with . or Enter, or press ? or * to list all spells.
Flames lash the gnoll.
The gnoll is burned terribly!
The gnoll is almost dead.
* * * LOW HITPOINT WARNING * * *
The gnoll hits you but does no damage.
Casting: Scorch (safe; 4% risk of failure)
Confirm with . or Enter, or press ? or * to list all spells.
Flames lash the gnoll.
The gnoll is heavily wounded.
The gnoll's fire resistance burns away.
* * * LOW HITPOINT WARNING * * *
The gnoll hits you with a +0 club.
* * * LOW HITPOINT WARNING * * *
Casting: Scorch (safe; 4% risk of failure)
Confirm with . or Enter, or press ? or * to list all spells.
You don't have enough health to cast this spell.
You hit the gnoll.
The gnoll is heavily wounded.
The gnoll hits you with a +0 club.
You die...

############.# #.....#.## ###.#
###.###....#
#.#.#########...#)#....#
#.......))....###.###... ######
#.#.#####[#...#.....#.[.
###....###.#.#...#.#.###.###.###.
..'....'...#.#.#.#.#.#...# #...#.
###....#####.#.#.#.#.###.###.###.
####.......#.#@#.....#.....#...
#.#######.#g#.....###.###.##
######)#.....#..g........#)#.....
.......+..(.......>......#.#.####
######.#..........)..........#
#.#.....#####.####...####
#(#....^# #.# ##### #....#### #.#
########### #.#


You could see 2 gnolls.

Vanquished Creatures
  2 ogres (D:4)
  2 orc priests
  2 hounds (D:4)
  Ijyb (D:3)
  An iguana (D:4)
  An orc wizard (D:4)
  4 gnolls (D:4)
  3 adders
  2 worms (D:2)
  A dart slug (D:4)
  14 orcs
  9 endoplasms
  A giant cockroach (D:2)
  5 goblins
  6 hobgoblins
  6 kobolds
  5 ball pythons
  3 bats
  3 frilled lizards (D:1)
  5 rats
76 creatures vanquished.

Vanquished Creatures (collateral kills)
  A rat (D:3)
  A foxfire (D:5)
2 creatures vanquished.

Vanquished Creatures (others)
  134 foxfires
  6 fungi (D:4)
140 creatures vanquished.

Grand Total: 218 creatures vanquished

Notes
Turn   | Place    | Note
-------+----------+-------------------------------------------
     0 | D:1      | Twinkles the Djinni Fire Elementalist began the quest for
                  | the Orb.
     0 | D:1      | Twinkles set off with the following spells memorised:
                  | Foxfire, Scorch, Conjure Flame, Inner Flame, Flame Wave.
     0 | D:1      | Reached XP level 1. HP: 15/15 MP: 0/0
   101 | D:1      | Found a faded altar of an unknown god.
   126 | D:1      | Prayed at the altar of an unknown god.
   126 | D:1      | Became a worshipper of Ignis, the Dying Flame
   298 | D:1      | Reached XP level 2. HP: 16/21 MP: 0/0
   559 | D:1      | Reached XP level 3. HP: 24/25 MP: 0/0
   559 | D:1      | Learned a level 1 spell: Sting
  1125 | D:2      | Found Ideoz's Weapon Shoppe.
  1349 | D:2      | Found Pohizat's Book Boutique.
  1453 | D:2      | HP: 1/26 [worm (8)]
  1772 | D:2      | Found Kiwoar's Magic Scroll Shop.
  1874 | D:2      | Reached skill level 1 in Fighting
  1975 | D:2      | Found Pemor's Jewellery Emporium.
  2164 | D:2      | Found Qouloivi's Book Boutique.
  2222 | D:3      | Reached XP level 4. HP: 29/32 MP: 0/0
  2294 | D:3      | Noticed Ijyb
  2313 | D:3      | Killed Ijyb
  2741 | D:3      | Reached XP level 5. HP: 24/39 MP: 0/0
  2741 | D:3      | Learned a level 2 spell: Call Imp
  3074 | D:3      | Found Vianoih's Antique Weapon Shoppe.
  3891 | D:4      | Reached XP level 6. HP: 31/46 MP: 0/0
  4075 | D:4      | Found an ornate altar of the Wu Jian Council.
  4387 | D:4      | Noticed an ogre
  4546 | D:4      | Killed an ogre
  4547 | D:4      | Reached XP level 7. HP: 41/52 MP: 0/0
  4547 | D:4      | Learned a level 3 spell: Dazzling Flash
  4889 | D:5      | Entered Level 5 of the Dungeon
  5095 | D:4      | HP: 2/53 [gnoll/+0 club[a gnoll bouda] (4)]
  5096 | D:4      | Slain by a gnoll

Illustrated notes

Levels and vault maps discovered:
D:1:      amcnicky_arrival_single_pillar, layout_basic,
          shapermc_ecumenical_altar_notcrosses
D:2:      layout_loops_corners, serial_shops, shop, shop,
          nicolae_shop_waterfront, nicolae_shop_hallway_stairs,
          nicolae_square_shop, nicolae_wormholes
D:3:      layout_rooms, serial_shops, shop, uniq_ijyb
D:4:      layout_basic, mainiacjoe_overflow_boulevard, minmay_quantized
D:5:      layout_rooms, grunt_temple_overflow_holy_war, elyvilon_altar_3

Skill      XL: |  1  2  3  4  5  6 |
---------------+-------------------+-----
Stealth        | 2 |  2.0
Fighting       | 1 2 3 4 |  4.6
Spellcasting   | 3 4 |  4.5
Dodging        | |  2.7

Action                   |  1- 3 |  4- 6 |  7- 9 || total
-------------------------+-------+-------+-------++-------
Melee: Unarmed           |     1 |       |       ||     1
       Dagger            |    16 |    26 |     2 ||    44
       Punch             |       |       |     1 ||     1
 Cast: Foxfire           |    43 |    35 |     7 ||    85
       Scorch            |       |    29 |     8 ||    37
       Conjure Flame     |       |     4 |     2 ||     6
       Inner Flame       |       |     4 |     1 ||     5
       Call Imp          |       |     1 |     1 ||     2
       Dazzling Flash    |       |       |     2 ||     2
 Stab: Sleeping          |     4 |       |       ||     4
       Distracted        |       |     1 |       ||     1
Armor: Leather armour    |     3 |    11 |    10 ||    24
Dodge: Dodged            |     5 |    13 |    17 ||    35
